Map: 10000 Feet LE

Players

Hedgehogik - Winner!

  • Race: Terran Terran
  • Spawn Location: 11:00

SCIInewby

  • Race: Protoss Protoss
  • League: Master
  • Spawn Location: 5:00

VOD

Have the link to the VOD?

Description

Time

  • Played on: Feb. 11, 2026, 11:32 a.m.
  • Length: 9:17
Show
View Real Time Build Order
Export as new Build Order

Hedgehogik Terran - Winner!

Build Orders:  

Get SALT Encoding   

  12  0:00  SCV  
  13  0:12  SCV  
  14  0:24  SCV  
  15  0:33  Supply Depot  
  15  0:46  Engineering Bay  
  15  0:55  SCV  
  16  0:58  Barracks  
  16  1:07  SCV  
  17  1:14  Supply Depot  
  17  1:20  SCV  
  18  1:34  SCV  
  19  1:43  Command Center  
  19  1:46  SCV  
  20  1:51  Barracks  
  20  2:05  Refinery  
  20  2:06  Orbital Command  
  20  2:23  Marine  
  21  2:32  SCV  
  22  2:38  Marine  
  23  2:44  SCV  
  24  2:56  Marine  
  25  3:01  Barracks Tech Lab  
  25  3:07  Refinery x2, Orbital Command  
  25  3:08  SCV  
  26  3:14  Marine  
  26  3:19  Marine  
  28  3:21  SCV  
  29  3:32  Marine  
  29  3:33  SCV  
  31  3:34  Factory  
  31  3:47  SCV  
  31  3:48  SCV  
  33  3:49  Marine  
  34  3:56  Combat Shield  
  34  3:59  SCV  
  34  4:00  SCV  
  36  4:19  Marine x2  
  38  4:33  SCV  
  38  4:34  SCV, Factory Tech Lab  
  38  4:37  Marine  
  41  4:39  Marine  
  42  4:45  SCV  
  42  4:46  SCV  
  44  4:54  Marine  
  44  4:57  Marine  
  46  5:07  SCV x2, Siege Tank  
  51  5:12  Marine  
  52  5:19  SCV  
  53  5:33  Marine x2  
  54  5:54  Marine, Siege Tank  
  54  5:56  Supply Depot x2  
  58  5:59  Supply Depot  
  58  6:01  Marine  
  58  6:02  Stimpack  
  59  6:12  Marine  
  60  6:19  Marine  
  61  6:26  Siege Tank  
  64  6:34  Marine  
  64  6:37  Marine  
  65  6:52  Marine  
  66  6:54  Marine  
  66  6:58  Siege Tank  
  67  7:12  Marine  
  68  7:19  Barracks  
  68  7:22  Factory, Barracks Reactor  
  68  7:30  Marine  
  68  7:31  Siege Tank  
  68  8:23  Marine  
  68  8:24  Marine x3  
  72  8:31  Factory Tech Lab  
  69  8:41  Marine x3  
  69  8:42  Marine  
  73  8:59  Marine  
Show
View Real Time Build Order
Export as new Build Order

SCIInewby Protoss 

Build Orders:  

Get SALT Encoding   

  12  0:00  Probe  
  13  0:13  Probe  
  14  0:22  Pylon  
  14  0:28  Probe  
  15  0:41  Probe  
  16  0:53  Probe  
  17  1:06  Probe  
  17  1:10  Nexus  
  18  1:20  Gateway, Probe  
  19  1:26  Assimilator  
  19  1:35  Pylon, Probe  
  20  1:47  Probe  
  20  1:53  Forge  
  21  2:01  Probe  
  22  2:09  Probe  
  23  2:17  Probe  
  23  2:19  Zealot  
  26  2:25  Pylon  
  26  2:26  Probe  
  26  2:29  Probe  
  27  2:34  Probe  
  27  2:37  Probe  
  28  2:42  Cybernetics Core  
  30  2:44  Pylon  
  30  2:46  Protoss Ground Weapons Level 1, Probe  
  31  2:58  Pylon  
  30  3:01  Probe  
  30  3:02  Zealot  
  30  3:05  Probe  
  34  3:09  Probe  
  34  3:17  Probe  
  36  3:23  Pylon  
  36  3:27  Pylon  
  36  3:30  Photon Cannon  
  36  3:34  Probe x2  
  36  3:35  Photon Cannon  
  36  3:40  Pylon  
  38  3:46  Probe  
  38  3:49  Photon Cannon  
  38  3:54  Photon Cannon  
  39  4:00  Probe x2, Pylon  
  41  4:03  Pylon  
  41  4:12  Probe  
  42  4:21  Zealot  
  40  4:26  Shield Battery  
  40  4:37  Pylon  
  40  4:42  Zealot  
  40  4:45  Gateway  
  40  4:46  Gateway  
  40  4:48  Gateway  
  40  4:50  Gateway  
  42  5:03  Assimilator  
  42  5:04  Assimilator  
  42  5:07  Photon Cannon  
  42  5:29  Warp Gate  
  44  5:38  Zealot  
  38  5:45  Zealot x2  
  38  5:46  Zealot  
  46  5:56  Twilight Council  
  46  6:16  Photon Cannon x2  
  46  6:17  Zealot x3  
  46  6:18  Zealot  
  41  7:18  Stalker  
  41  7:19  Stalker x2  
  41  7:31  Pylon  
  41  7:45  Zealot x3  
  47  7:53  Forge  
  47  7:58  Zealot  
  36  8:20  Pylon x2  
  36  8:21  Gateway  
  36  8:22  Gateway x2  
  36  8:23  Pylon  
  36  8:25  Gateway  
  36  8:26  Zealot  
  34  8:40  Photon Cannon  
  34  8:41  Photon Cannon  
  34  8:42  Photon Cannon  
  34  8:43  Photon Cannon  
  34  8:45  Photon Cannon, Gateway  
  34  8:46  Gateway  
  34  8:47  Gateway  
  34  8:48  Gateway  
  34  8:49  Gateway  
Tags
 
League
Master
Matchup
PvT
Replay Pack
vannon
Spawn Locations
Cross Positions
Add a new tag
Caveats
  • Supply blocks, unpowered buildings, or Contaminate may cause inaccurate times.
  • Supply counts are checked every 10 seconds.